 Dungeon Crawl Stone Soup version bcrawl-1.27.3 (webtiles) character file.

Game seed: 10162658059985928592

111158 Banto the Chiller (level 3, 29/29 HPs)
             Began as a Demigod Wanderer on Aug 3, 2020.
             Quit the game on level 1 of the Dungeon.
             The game lasted 00:02:09 (1279 turns).

Banto the Chiller (Demigod Wanderer)                Turns: 1279, Time: 00:02:10

Health: 29/29      AC:  3    Str: 17    XL:     3   Next: 28%
Magic:  6/6        EV: 10    Int: 15    God:    Demigod [*.....]
Gold:   70         SH:  6    Dex: 18    Spells: 2/3 levels left

rFire    . . .     SeeInvis .   h - +0 dagger
rCold    . . .     Gourm    .   c - +0 buckler
rNeg     . . .     Faith    .   d - +0 robe
rPois    .         Spirit   .   (no helmet)
rElec    .         Reflect  .   l - +0 cloak
rCorr    +         Harm     .   (no gloves)
MR       .....                  (no boots)
Stlth    ++........             (no amulet)
HPRegen  0.09/turn              k - ring of resist corrosion
MPRegen  0.10/turn              (no ring)

@: no status effects
A: high mp 1
a: Temporal Distortion


You were on level 1 of the Dungeon.
You worshipped Demigod.
Demigod was aware of your devotion.
You were hungry.

You visited 1 branch of the dungeon, and saw 2 of its levels.

You collected 70 gold pieces.

Inventory:

Hand Weapons
 h - a +0 dagger (weapon)
Missiles
 f - 44 javelins (quivered)
Armour
 c - a +0 buckler (worn)
 d - a +0 robe (worn)
 l - a +0 cloak (worn)
 o - a +1 hat
Jewellery
 k - a ring of resist corrosion (left hand)
Scrolls
 j - a scroll of magic mapping {unknown}
 m - a scroll of amnesia {unknown}
Potions
 a - a potion of haste
 b - a potion of flight
 i - a potion of invisibility {unknown}
 n - a potion of agility {unknown}
Comestibles
 e - 3 rations {!d}


   Skills:
 + Level 1.9 Fighting
   Level 1.0 Long Blades
 + Level 0.1 Dodging
 + Level 2.2 Stealth
 + Level 2.1 Shields
 + Level 0.7 Spellcasting
 + Level 3.3 Ice Magic


You had 2 spell levels left.
You knew the following spells:

 Your Spells              Type           Power        Failure   Level  Hunger
a - Freeze                Ice            ##....       14%         1    None

Your spell library contained the following spells:

 Spells                   Type           Power        Failure   Level  Hunger
 Throw Frost              Conj/Ice       #.....       16%         2    ###....
 Ozocubu's Armour         Chrm/Ice       #.......     63%         3    #####..
 Ice Form                 Ice/Tmut       #.......     95%         4    ######.
 Summon Ice Beast         Ice/Summ       #.......     95%         4    ######.
 Throw Icicle             Conj/Ice       #.......     95%         4    ######.


Dungeon Overview and Level Annotations

Branches:
Dungeon (2/12)


Innate Abilities, Weirdness & Mutations

You have an increased reservoir of magic. (+10% MP)


Message History

The kobold hits you but does no damage.
You hit the kobold but do no damage.
The kobold is severely wounded.
The kobold misses you.
You are too injured to fight recklessly!
You hit the kobold but do no damage.
The kobold is severely wounded.
The kobold hits you with a +0 falchion.
You hit the kobold.
You kill the kobold!
Your kill strengthens your divinity.
You are too injured to fight recklessly!
Things that are here:
a +0 falchion; a +0 chain mail; a kobold corpse
There is a stone staircase leading down, spattered with blood here.
You start resting.
Magic restored.
HP restored.
There is a stone staircase leading down here.
Are you sure you want to abandon this character and quit the game? (Confirm with "yes".)

###......######
#..###...#
#...###.......#####
##.## ##### .)###
#.#####.....#####..#
....###.#
####..........# #####
.##.....#
##...........### #....
.#####..###.....#####.##
#....
..............#####...#
#....
.........####.####..###
#....
###.....#####...@..##
#..รท.
....##..........#####
#....
#######..[###.......##
###..
#.#...#.####...#### #..
#.###...#
###....#######.. #.#
##..# #.##.##....... #.#
#..# #..#.##.#####. #.##
#.## ##.#....# #.
#..###.# ###......# #.


There were no monsters in sight!

Vanquished Creatures
  A worm (D:1)
  A dart slug (D:1)
  2 leopard geckos (D:1)
  2 giant cockroaches
  6 goblins (D:1)
  A hobgoblin (D:1)
  7 jackals
  2 kobolds
  A bat (D:2)
  4 frilled lizards (D:1)
  2 rats (D:1)
29 creatures vanquished.

Notes
Turn   | Place    | Note
-------+----------+-------------------------------------------
     0 | D:1      | Banto the Demigod Wanderer began the quest for the Orb.
     0 | D:1      | Banto set off with the following items: a +0 club, a potion
                  | of flight, a +0 buckler, a +0 robe, a ration {!d}, a +0
                  | dagger; and the following spell memorised: Freeze; and the
                  | following spells available to memorise: Throw Frost,
                  | Ozocubu's Armour, Ice Form, Summon Ice Beast, Throw Icicle
     0 | D:1      | Reached XP level 1. HP: 17/17 MP: 3/3
   269 | D:1      | Reached XP level 2. HP: 16/24 MP: 2/4
   341 | D:1      | Reached skill level 3 in Ice Magic
   847 | D:1      | Reached XP level 3. HP: 25/29 MP: 0/6
  1140 | D:2      | Reached * piety under Demigod
  1279 | D:1      | Quit the game

Skill      XL: |  1  2 |
---------------+-------+-----
Shields        | 2 |  2.1
Ice Magic      | 3 |  3.3
Fighting       | |  1.9
Long Blades    | |  1.0
Dodging        | |  0.1
Stealth        | |  2.2
Spellcasting   | |  0.7

Action                   || total
-------------------------++-------
Melee: Club              ||    19
       Dagger            ||    66
Throw: Javelin           ||     1
 Cast: Freeze            ||    22
  Use: Scroll            ||     1
 Stab: Sleeping          ||     3
  Eat: Chunk             ||     3
Armor: Robe              ||    19
Dodge: Dodged            ||    57
Block: Buckler           ||    18
